 Dungeon Crawl Stone Soup version 0.29-a0-632-g781b4ac09e (webtiles) character file.

Game seed: 7196916073938309358

854 Johnny the Basher (level 7, -10/66 HPs)
             Began as a Troll Berserker on June 19, 2022.
             Was a Priest of Trog.
             Mangled by a gnoll sergeant
             ... wielding a +3 spear of venom
              (12 damage)
             ... on level 6 of the Dungeon.
             The game lasted 00:03:19 (4021 turns).

Johnny the Basher (Troll Berserker)                 Turns: 4021, Time: 00:03:20

Health: -10/66     AC:  4    Str: 28    XL:     7   Next: 70%
Magic:  6/6        EV: 10    Int:  3    God:    Trog [***...]
Gold:   255        SH:  0    Dex:  9    Spells: 6/6 levels left

rFire   . . .      SeeInvis +   q - +0 flail
rCold   . . .      Faith    .   (no shield)
rNeg    . . .      Spirit   .   b - +0 animal skin
rPois   .          Reflect  .   (helmet restricted)
rElec   .          Harm     .   r - scarf {repulsion}
rCorr   +          Rampage  .   (gloves unavailable)
Will    .....                   (boots unavailable)
Stlth   +.........              B - amulet of regeneration
HPRegen 1.81/turn               k - ring of see invisible
MPRegen 0.10/turn               v - ring of resist corrosion

@: lethally poisoned (-10 -> -12), on berserk cooldown, flying, slowed, repel
missiles, very slow
A: large, unfitting armour, claws 3, regeneration 1, shaggy fur 1, tough skin 1
a: Renounce Religion, Berserk, Trog's Hand


You were on level 6 of the Dungeon.
You worshipped Trog.
Trog was most pleased with you.
You visited 1 branch of the dungeon, and saw 6 of its levels.

You collected 255 gold pieces.

Inventory:

Hand Weapons
 a - a +0 mace
 q - a +0 flail (weapon)
Missiles
 z - a throwing net (quivered)
Armour
 b - a +0 animal skin (worn)
 r - a scarf of repulsion (worn)
Jewellery
 k - a ring of see invisible (left claw)
 v - a ring of resist corrosion (right claw)
 A - a ring of protection from fire
 B - an amulet of regeneration (around neck)
Wands
 x - a wand of quicksilver (4)
 E - a wand of flame (26)
Scrolls
 d - a scroll of blinking {unknown}
 f - a scroll of torment {unknown}
 h - a scroll of amnesia {unknown}
 m - a scroll of enchant armour {unknown}
 n - 2 scrolls of acquirement {unknown}
 p - a scroll of enchant weapon {unknown}
 s - 4 scrolls of identify {unknown}
 y - 3 scrolls of teleportation {unknown}
 D - a scroll of fear {unknown}
 H - a scroll of noise {unknown}
Potions
 c - 4 potions of flight
 e - a potion of resistance {unknown}
 g - 2 potions of cancellation {unknown}
 i - 2 potions of mutation {unknown}
 j - 2 potions of might {unknown}
 l - 2 potions of brilliance {unknown}
 o - 3 potions of haste {unknown}
 t - a potion of ambrosia {unknown}
 u - a potion of curing {unknown}
 w - a potion of attraction {unknown}
 C - a potion of heal wounds {unknown}
 F - 2 potions of lignification {unknown}
 G - a potion of degeneration {unknown}


   Skills:
 - Level 2.7 Fighting
 * Level 8.4 Maces & Flails
 - Level 2.4 Dodging


You had 6 spell levels left.
You didn't know any spells.
Your spell library contained the following spells:

 Spells                   Type           Power      Damage    Failure   Level
 Summon Guardian Golem    Hex/Summ       0%         N/A       88%         3
 Corpse Rot               Necr/Pois/Air  0%         N/A       99%         4
 Dispel Undead            Necr           0%         3d6       99%         4
 Death Channel            Necr           0%         N/A       100%        6
 Orb of Destruction       Conj           0%         9d5       100%        7
 Spellforged Servitor     Conj/Summ      0%         N/A       100%        7


Dungeon Overview and Level Annotations

Branches:
Dungeon (6/15)
 Temple: D:4-7

Altars:
Ashenzari
Dithmenos
Fedhas
Ru
Sif Muna
Trog
Vehumet
Wu Jian


Innate Abilities, Weirdness & Mutations

You are too large for most types of armour.
You have claws for hands.
Your natural rate of healing is unusually fast.
You are covered in fur. (AC +1)
You have tough skin. (AC +1)


Message History

You are too injured to fight recklessly!
You are too injured to fight recklessly!
You are too injured to fight recklessly!
You are too injured to fight recklessly!
You are too injured to fight recklessly!
You are too injured to fight recklessly!
You are too injured to fight recklessly!
You are too injured to fight recklessly!
You are too injured to fight recklessly!
You are too injured to fight recklessly!
The gnoll attacks as you move away! The gnoll closely misses you.
Your skin stops crawling.
You feel less strong-willed.
You feel extremely sick. The gnoll misses you.
The gnoll sergeant hits you but does no damage.
You are more poisoned.
Things that are here:
a +0 club; 5 stones; a kobold corpse You feel extremely sick.
Items here: ( ))) †.
Okay, then.
Okay, then.
Aiming: Quicksilver Bolt
Press: ? - help, Shift-Dir - straight line, f - gnoll
Aim: a gnoll, wielding a +0 whip (almost dead, 75% to hit)
The bolt of dispelling energy misses the gnoll.
You feel very sick. The gnoll hits you with a +0 whip.
* * * LOW HITPOINT WARNING * * *
The gnoll sergeant hits you from afar with a +3 spear of venom!
* * * LOW HITPOINT WARNING * * *
The gnoll hits you but does no damage. The gnoll sergeant barely misses you.
It was a potion of flight.
You feel very buoyant.
You fly up into the air.
You feel very sick. The gnoll hits you with a +0 whip.
* * * LOW HITPOINT WARNING * * *
The gnoll sergeant hits you from afar with a +3 spear of venom!
You die...

#..# ...##
....# #...#
.#.> #...# .#.#
#...##### .#.#
#)....... .#.#
#############g#
.#.#
#.........)@g)#
.#.#
#<#############
.#.###.#
.......#
##.#######
..........
##.####### #.#
###


You could see a gnoll sergeant and a gnoll.

Vanquished Creatures
  A phantom (D:4)
  A bullfrog (D:6)
  A kobold brigand (D:6)
  A necrophage (D:4)
  A scorpion (D:4)
  A howler monkey (D:4)
  A jelly (D:5)
  A hound (D:5)
  5 iguanas
  3 orc wizards
  7 adders
  3 gnolls
  A white imp (D:5)
  2 ufetubi (D:5)
  2 worms
  2 dart slugs
  14 orcs
  4 ball pythons
  3 endoplasms
  5 giant cockroaches
  6 goblins
  4 hobgoblins
  7 jackals
  9 kobolds
  4 quokkas
  6 bats
  6 frilled lizards
  7 rats
108 creatures vanquished.

Notes
Turn   | Place    | Note
-------+----------+-------------------------------------------
     0 | D:1      | Johnny the Troll Berserker began the quest for the Orb.
     0 | D:1      | Reached XP level 1. HP: 22/22 MP: 0/0
   196 | D:1      | Reached skill level 3 in Maces & Flails
   204 | D:1      | Reached XP level 2. HP: 19/29 MP: 1/1
   624 | D:2      | Reached ** piety under Trog
   641 | D:2      | Reached XP level 3. HP: 24/36 MP: 2/2
   904 | D:2      | Reached skill level 4 in Maces & Flails
  1255 | D:3      | Reached XP level 4. HP: 25/44 MP: 3/3
  1444 | D:3      | Reached skill level 5 in Maces & Flails
  1447 | D:3      | Reached XP level 5. HP: 29/50 MP: 4/4
  2073 | D:3      | Found a faded altar of an unknown god.
  2342 | D:4      | Noticed a phantom
  2356 | D:4      | Killed a phantom
  2357 | D:4      | Reached skill level 6 in Maces & Flails
  2357 | D:4      | Reached XP level 6. HP: 59/59 MP: 5/5
  2371 | D:4      | Found a broken altar of Ashenzari.
  2565 | D:4      | Found a shimmering blue altar of Sif Muna.
  2567 | D:4      | Found a shadowy altar of Dithmenos.
  2570 | D:4      | Found a bloodstained altar of Trog.
  2941 | D:4      | Reached skill level 7 in Maces & Flails
  3000 | D:4      | Reached XP level 7. HP: 51/66 MP: 6/6
  3210 | D:5      | Entered Level 5 of the Dungeon
  3277 | D:5      | Found a blossoming altar of Fedhas.
  3416 | D:5      | Found a sacrificial altar of Ru.
  3464 | D:5      | Found an ornate altar of the Wu Jian Council.
  3536 | D:5      | Found a radiant altar of Vehumet.
  3672 | D:5      | Reached *** piety under Trog
  3964 | D:6      | Reached skill level 8 in Maces & Flails
  4021 | D:6      | HP: 2/66 [gnoll/+0 whip[a gnoll sergeant] (3)]
  4021 | D:6      | Mangled by a gnoll sergeant

Illustrated notes

Levels and vault maps discovered:
D:1:      dpeg_arrival_brainrot, layout_basic, hangedman_decor_push,
          minmay_pentomino_q4
D:2:      layout_basic, minmay_statues_item
D:3:      layout_basic, dreamdust_ecumenical_altar_hidden_monk_grotto
D:4:      minmay_chambers_of_fours, layout_basic, grunt_temple_overflow_open,
          evilmike_ruin_ashenzari
D:5:      layout_basic, mainiacjoe_overflow_chevrons, marbit_many_paths,
          mainiacjoe_overflow_24_doors, fedhas_altar_4
D:6:      layout_loops_ring, mainiacjoe_overflow_small_starburst, tgw_xom,
          zin_statuary, serial_shops, nicolae_shop_hallway_plus

Skill      XL: |  1  2  3  4  5  6  7 |
---------------+----------------------+-----
Maces & Flails | 3 4 5 6 7 8 |  8.4
Fighting       | |  2.7
Dodging        | |  2.4

Action                   |  1- 3 |  4- 6 |  7- 9 || total
-------------------------+-------+-------+-------++-------
Melee: Mace              |   129 |    23 |       ||   152
       Punch             |       |     2 |       ||     2
       Flail             |       |   128 |   102 ||   230
Invok: Berserk           |     2 |     2 |     2 ||     6
       Trog's Hand       |       |     5 |     1 ||     6
Evoke: Wand              |       |       |     1 ||     1
  Use: Potion            |       |       |     1 ||     1
 Stab: Sleeping          |     1 |     1 |       ||     2
Armor: Animal skin       |    78 |    46 |    30 ||   154
Dodge: Dodged            |   103 |    99 |    52 ||   254

Table legend: (Time is in decaauts)
 A = Elapsed time spent in this place.
 B = Non-inter-level travel time spent in this place.
 C = Inter-level travel time spent in this place.
 D = Time resting spent in this place.
 E = Time spent auto-exploring this place.
 F = Levels seen in this place.
 G = Mean time per level.
                   A        B        C        D        E       F      G
               +--------+--------+--------+--------+--------+-----+--------+
         Total |   4107 |   4000 |    107 |     74 |   3104 |   6 |  684.5 |
       Dungeon |   4107 |   4000 |    107 |     74 |   3104 |   6 |  684.5 |
               +--------+--------+--------+--------+--------+-----+--------+

Top non-repeatable levels by time:
     D:3: 1172 daAuts
     D:4: 931 daAuts
     D:5: 706 daAuts
     D:1: 645 daAuts
     D:2: 545 daAuts
     D:6: 106 daAuts
